 Dungeon Crawl Stone Soup version 0.16.1-2-g95b8d4c (webtiles) character file.

4 RobertPalmer the Grasshopper (level 1, 0/14 HPs)
             Began as an Octopode Warper on Mar 26, 2015.
             Slain by a ball python (1 damage)
             ... on level 1 of the Dungeon.
             The game lasted 00:00:22 (80 turns).

RobertPalmer the Grasshopper (Octopode Warper)        Turns: 80, Time: 00:00:22

Health: 0/14       AC:  1    Str: 10    XL:     1   Next: 70%
Magic:  3/3        EV: 12    Int: 15    God:
Gold:   23         SH:  0    Dex: 11    Spells: 1 memorised, 3 levels left

rFire  . . .     SeeInvis .     a - +0 short sword
rCold  . . .     Clarity  .     (no shield)
rNeg   . . .     SustAb   .     (helmet restricted)
rPois  .         Gourm    .     (no amulet)
rElec  .         Spirit   .     (no ring)
rCorr  .         Warding  .     (no ring)
rMut   .         Stasis   .     (no ring)
MR     .....                    (no ring)
Stlth  ++........               (no ring)
                                (no ring)
                                (no ring)
                                (no ring)

@: constricted, not resistant to hostile enchantments, unstealthy
A: almost no armour, amphibious, 8 rings, constrict 8, camouflage 1, gelatinous
body 1
a: no special abilities


You were on level 1 of the Dungeon.
You were not hungry.

You visited 1 branch of the dungeon, and saw 1 of its levels.

You collected 23 gold pieces.

Inventory:

Hand weapons
 a - a +0 short sword (weapon)
Missiles
 e - 5 tomahawks of dispersal {=f}
Scrolls
 d - a scroll of blinking {!r}
Books
 c - a book of Spatial Translocations
Comestibles
 f - a bread ration {@e1}


   Skills:
 - Level 2.0 Fighting
 + Level 2.4 Short Blades
 - Level 1.0 Throwing
 - Level 2.3 Dodging
 - Level 2.0 Spellcasting
 - Level 3.0 Translocations


You had 3 spell levels left.
You knew the following spells:

 Your Spells              Type           Power        Failure   Level  Hunger
g - Apportation           Tloc           ##........   8%          1    #......


Dungeon Overview and Level Annotations

Branches:
Dungeon (1/15)

Altars:


Innate Abilities, Weirdness & Mutations

You cannot wear most types of armour.
You are amphibious.
You can wear up to eight rings at the same time.
You can use your tentacles to constrict many enemies at once.
Your skin changes colour to match your surroundings (Stealth).
Your rubbery body absorbs attacks (AC +1).


Message History

Welcome, RobertPalmer the Octopode Warper.
The bosom of this dungeon contains the most powerful artefact, the Orb of Zot.
Found a staircase leading out of the dungeon.
A rat comes into view.
A rat is nearby!
A rat is nearby!
A rat is nearby!
A bat comes into view.
You hit the rat. You grab the rat. You constrict the rat.
You kill the rat!
The bat misses you. The bat closely misses you.
You hit the bat. You grab the bat. You constrict the bat.
You kill the bat!
No target in view!
No target in view!
No target in view!
You see here a bat corpse.
You now have 7 gold pieces.
Found a stone staircase leading down.
There is a stone staircase leading down here.
You now have 23 gold pieces (gained 16).
A kobold comes into view.
A kobold is nearby!
A kobold is nearby!
The helpless kobold fails to defend itself.
You hit the kobold.
You kill the kobold!
No target in view!
No target in view!
Things that are here:
3 stones; a kobold corpse A rat comes into view.
A rat is nearby!
A rat is nearby!
A rat is nearby!
A bat and a ball python come into view.
A hobgoblin comes into view. It is wielding a club.
The hobgoblin shouts!
The bat barely misses you.
Found a stone staircase leading down.
The bat hits you. The rat bites you.
A hobgoblin and a kobold come into view.
You take 4 damage, and have 10/14 hp.
MASSIVE DAMAGE!!
The bat closely misses you.
The hobgoblin shouts!
The bat hits you. The ball python closely misses you.
The ball python grabs you. The ball python constricts you.
You take 2 damage, and have 8/14 hp.
Your attempt to break free from the ball python fails, but you feel that another attempt might succeed.
The bat closely misses you.
The ball python bites you but does no damage.
The ball python constricts you. The rat barely misses you.
Your attempt to break free from the ball python fails, but you feel that another attempt might succeed.
The bat hits you. The ball python barely misses you.
The ball python constricts you. The rat bites you but does no damage.
The ball python barely misses you. The ball python constricts you.
A rat and a kobold come into view.
You take 3 damage, and have 5/14 hp.
MASSIVE DAMAGE!!
You escape the ball python's grasp.
The bat closely misses you. The bat hits you but does no damage.
The bat barely misses you. The bat barely misses you. The bat hits you.
* * * LOW HITPOINT WARNING * * *
You take 1 damage, and have 4/14 hp.
The bat barely misses you. The bat hits you but does no damage.
The bat hits you but does no damage.
You hit the bat. Your grab misses the bat. The bat hits you.
* * * LOW HITPOINT WARNING * * *
The bat hits you.
* * * LOW HITPOINT WARNING * * *
You take 2 damage, and have 2/14 hp.
You completely miss the bat. Your grab misses the bat.
Your squeeze misses the bat. The bat misses you. The bat hits you.
* * * LOW HITPOINT WARNING * * *
You take 1 damage, and have 1/14 hp.
Unknown command.
You miss the bat. You grab the bat. You constrict the bat.
You kill the bat!
You hit the hobgoblin. You grab the hobgoblin. You constrict the hobgoblin.
The hobgoblin barely misses you.
You hit the hobgoblin.
You kill the hobgoblin!
You closely miss the rat. You grab the rat. You constrict the rat.
You kill the rat!
You hit the ball python. Your grab misses the ball python.
The ball python bites you.
* * * LOW HITPOINT WARNING * * *
The ball python grabs you.
You die...

###.## ## ## #..####
##....#### ####..>.#
####.## ####### #..###
.......# ##...#
..K(....# ###.#
..K......# #@#
....?....# #S#
......(..# #.#
.r.......#### #.###
>........Sb.# #...#
.........##.######.##..#
.........##(.##.g.....#
######..####.Sr.###.###
##.# ###### .#


You could see a ball python.

Vanquished Creatures
  A hobgoblin (D:1)
  2 bats (D:1)
  A kobold (D:1)
  2 rats (D:1)
6 creatures vanquished.

Notes
Turn   | Place    | Note
--------------------------------------------------------------
     0 | D:1      | RobertPalmer, the Octopode Warper, began the quest for the Orb.
     0 | D:1      | Reached XP level 1. HP: 14/14 MP: 3/3
    74 | D:1      | HP: 3/14 [bat (1)]
    75 | D:1      | HP: 1/14 [bat (1)]
    80 | D:1      | HP: 1/14 [ball python (1)]
    80 | D:1      | Slain by a ball python

Action                   || total
-------------------------++-------
Melee: Short sword       ||    10
 Stab: Sleeping          ||     1

Vault maps used:
D:1:      lightli_arrival_statue_moat

Table legend:
 A = Turns spent in this place as a percentage of turns spent in the entire game.
 B = Non-inter-level travel turns spent in this place as a percentage of non-inter-level travel turns spent in the entire game.
 C = Inter-level travel turns spent in this place as a percentage of turns spent in this place.
 D = Turns resting spent in this place as a percentage of non-inter-level travel turns spent in this place.
 E = Turns spent auto-exploring this place as a percentage of non-inter-level travel turns spent in this place.
 F = Non-inter-level travel turns spent in this place divided by the number of levels of this place that you've seen.
                   A       B       C       D       E      F
               +-------+-------+-------+-------+-------+----------------------
         Total | 100.0 | 100.0 |   0.0 |   0.0 |   8.5 |  59.0
       Dungeon | 100.0 | 100.0 |   0.0 |   0.0 |   8.5 |  59.0
               +-------+-------+-------+-------+-------+----------------------

Table legend:
 A = Kills in this place as a percentage of kills in entire the game.
 B = Kills by you in this place as a percentage of kills by you in the entire game.
 C = Kills by friends in this place as a percentage of kills by friends in the entire game.
 D = Other kills in this place as a percentage of other kills in the entire game.
 E = Experience gained in this place as a percentage of experience gained in the entire game.
 F = Experience gained in this place divided by the number of levels of this place that you have seen.
                   A       B       C       D       E      F
               +-------+-------+-------+-------+-------+----------------------
         Total | 100.0 | 100.0 |  -nan |  -nan | 100.0 |   7.0
       Dungeon | 100.0 | 100.0 |  -nan |  -nan | 100.0 |   7.0
               +-------+-------+-------+-------+-------+----------------------
